 Dungeon Crawl Stone Soup version 0.30-b1-2-g02819fbbbe (webtiles) character file.

Game seed: 4170080237871354305

4708 Metae the Fighter (level 10, -13/90 HPs)
             Began as a Minotaur Fighter on June 24, 2023.
             Was a Believer of Uskayaw.
             Shot with an arrow by a centaur warrior (22 damage)
             ... on level 9 of the Dungeon.
             The game lasted 00:22:26 (8115 turns).

Metae the Fighter (Minotaur Fighter)                Turns: 8115, Time: 00:22:41

Health: -13/90     AC: 15    Str: 25    XL:     10   Next: 22%
Magic:  11/11      EV: 18    Int:  8    God:    Uskayaw [**....]
Gold:   543        SH:  6    Dex: 10    Spells: 9/9 levels left

rFire   . . .        p - +6 spear of Foul Odours {chaos, Fly rN++ Int+3}
rCold   . . .        O - +1 buckler {rPois}
rNeg    + + .        r - +3 ring mail
rPois   +            (helmet restricted)
rElec   .            u - +0 cloak
rCorr   .            C - +1 pair of gloves
SInv    .            M - +0 pair of boots {rampage}
Will    .....        (no amulet) Stlth
                     g - +5 ring of evasion
HPRegen 0.35/turn    (no ring)
MPRegen 0.12/turn

%: rampage
@: lethally poisoned (-13 -> -14), about to teleport, flying
A: horns 2, retaliatory headbutt
a: Renounce Religion, Stomp, Line Pass


You were on level 9 of the Dungeon.
You worshipped Uskayaw.
Uskayaw was noncommittal.
You visited 2 branches of the dungeon, and saw 10 of its levels.
You also visited: Ossuary.

You collected 543 gold pieces.

Inventory:

Hand Weapons
 n - a +4 short sword
 p - the +6 spear of Foul Odours (weapon) {chaos, Fly rN++ Int+3}
   (You found it on level 2 of the Dungeon)

   Int:       It affects your intelligence (+3).
   rN:        It greatly protects you from negative energy.
   Fly:       It grants you flight.
Missiles
 F - 32 poisoned darts (quivered)
Armour
 c - a +0 buckler
 r - a +3 ring mail (worn)
 u - a +0 cloak (worn)
 y - a +0 plate armour
 C - a +1 pair of gloves (worn)
 M - a +0 pair of boots of rampaging (worn)
 O - a +1 buckler of poison resistance (worn)
Jewellery
 g - a +5 ring of evasion (left hand)
 H - a +5 ring of evasion
Wands
 z - a wand of charming (10)
 E - a wand of flame (17)
Scrolls
 a - 5 scrolls of teleportation
 h - a scroll of identify
 i - 2 scrolls of fog
 j - 2 scrolls of vulnerability {unknown}
 l - 2 scrolls of fear
 o - 5 scrolls of enchant weapon
 t - a scroll of silence {unknown}
 v - 3 scrolls of amnesia
 w - a scroll of immolation {unknown}
 x - a scroll of enchant armour
 A - 2 scrolls of magic mapping {unknown}
 B - 2 scrolls of poison
 K - a scroll of butterflies {unknown}
Potions
 b - 2 potions of cancellation {unknown}
 d - 2 potions of might
 e - 5 potions of degeneration
 f - 2 potions of attraction {unknown}
 k - a potion of invisibility {unknown}
 m - 3 potions of berserk rage
 q - 5 potions of magic
 s - 6 potions of curing
 D - 2 potions of flight {unknown}
 G - 4 potions of mutation
 I - a potion of haste
 J - 3 potions of brilliance {unknown}
 L - 5 potions of heal wounds {unknown}
 N - 2 potions of lignification {unknown}
 P - a potion of resistance {unknown}


   Skills:
 + Level 8.6 Fighting
 - Level 4.1 Short Blades
 + Level 7.0 Polearms
 + Level 8.6 Armour
 + Level 7.0 Dodging
 + Level 8.5 Shields
 + Level 3.1 Invocations


You had 9 spell levels left.
You didn't know any spells.
Your spell library contained the following spells:

 Spells                   Type           Power      Damage    Failure   Level
 Magic Dart               Conj           0%         1d3       56%         1
 Slow                     Hex            0%         N/A       56%         1
 Blink                    Tloc           0%         N/A       71%         2
 Lesser Beckoning         Tloc           0%         N/A       71%         2
 Momentum Strike          Conj/Tloc      0%         3d8       71%         2
 Searing Ray              Conj           0%         2d4       71%         2
 Confusing Touch          Hex            0%         N/A       91%         3
 Frozen Ramparts          Ice            0%         1d1       91%         3
 Vampiric Draining        Necr           0%         2d6       91%         3
 Fulminant Prism          Conj/Hex       0%         3d5       100%        4
 Ice Form                 Ice/Tmut       0%         N/A       100%        4
 Summon Ice Beast         Ice/Summ       0%         N/A       100%        4


Dungeon Overview and Level Annotations

Branches:
Dungeon (9/15)             Temple (1/1) D:4         Ossuary (visited)
   Lair: D:8-11         Orc: D:9-12

Altars:
Ashenzari
Cheibriados
Dithmenos
Fedhas
Gozag
Hepliaklqana
Kikubaaqudgha
Makhleb
Nemelex Xobeh
Okawaru
Qazlal
Sif Muna
Trog
Uskayaw
Vehumet
Xom
Zin
The Shining One

Shops:
D:4 [   D:7 [


Innate Abilities, Weirdness & Mutations

You have a pair of horns on your head.
You reflexively headbutt those who attack you in melee.


Message History

The kobold brigand closely misses you.
You can now pass through a line of other dancers.
You are too injured to fight recklessly!
You are too injured to fight recklessly!
You are too injured to fight recklessly!
You barely miss the kobold brigand.
The kobold brigand is almost dead.
You feel sick.
The kobold brigand hits you but does no damage.
You closely miss the kobold brigand.
Your headbutt misses the kobold brigand.
The kobold brigand is almost dead.
You feel sick.
The kobold brigand hits you but does no damage.
The centaur warrior shoots an arrow.
The arrow closely misses you.
You completely miss the kobold brigand.
You headbutt the kobold brigand, but do no damage.
The kobold brigand is almost dead.
The centaur warrior shoots an arrow.
You block the arrow.
You hit the kobold brigand. You burn the kobold brigand.
You kill the kobold brigand!
You feel sick.
The centaur warrior shoots an arrow.
The arrow hits you!
* * * LOW HITPOINT WARNING * * *
Your Dodging skill increases to level 7!
A centaur and a red ugly thing come into view.
The centaur is wearing the amulet "Hocliu" {rPois Regen+ Str+8 Int-2}.
You feel sick.
The centaur shouts!
The red ugly thing gurgles horribly!
You hear a shout!
The centaur wields a +0 shortbow.
The centaur shoots an arrow.
The arrow barely misses you.
Things that are here:
a +0 short sword; 3 poisoned darts; a kobold corpse
Okay, then.
As you read the scroll of teleportation, it crumbles to dust.
You feel strangely unstable.
You feel sick.
An orc warrior comes into view. It is wielding a +0 glaive.
The gnoll sergeant hits you from afar with a +1 heavy trident!
* * * LOW HITPOINT WARNING * * *
The centaur warrior shoots an arrow.
The arrow hits you!!
You die...

###+##.........#..#..#.......#
###.......#######.......#
#.........#..# #.........
#>...###.....# ....###....
.......#.....###..... .....
.....#..#..#......o#.$ .#..
......#######.......## ##..
.###.. #..#.g###..# . #..@...#
.. ##..#.!# ....c#### .......#
...###.cu .. .... . #..#. ###
..


You could see a red ugly thing, a centaur warrior, an orc warrior, a gnoll
sergeant and a centaur.

Vanquished Creatures
  Erica (D:8)
  Pikel (D:5)
  An unseen horror (D:8)
  Eustachio (D:6)
  A wyvern (D:4)
  A steam dragon (D:8)
  3 water moccasins
  2 orc warriors (D:9)
  2 ogres
  4 black bears
  A centaur (D:5)
  A phantom (D:7)
  2 kobold brigands (D:9)
  A bullfrog (D:7)
  2 scorpions
  A gnoll sergeant (D:8)
  4 killer bees (D:8)
  3 howler monkeys (D:8)
  4 centaur zombies (Ossuary)
  2 hounds (D:5)
  4 jellies
  A gnoll bouda (D:6)
  An orc priest (D:4)
  Crazy Yiuf (D:2)
  Ijyb (D:5)
  Jessica (D:3)
  3 iguanas
  A sleepcap (D:8)
  Terence (D:2)
  6 orc wizards
  6 mummies (Ossuary)
  7 gnolls
  7 adders
  A shadow imp (D:6)
  A white imp (D:5)
  An ufetubus (D:5)
  A worm (D:2)
  4 dart slugs
  19 orcs
  10 endoplasms
  4 giant cockroaches
  4 goblins (D:1)
  8 hobgoblins
  9 jackals
  12 kobolds
  4 quokkas
  6 ball pythons
  A bat (D:3)
  A frilled lizard (D:2)
  6 hobgoblin zombies (Ossuary)
  7 rats
177 creatures vanquished.

Vanquished Creatures (others)
  A bullfrog (D:8)
  An orc zombie (D:8)
2 creatures vanquished.

Grand Total: 179 creatures vanquished

Notes
Turn   | Place    | Note
-------+----------+-------------------------------------------
     0 | D:1      | Metae the Minotaur Fighter began the quest for the Orb.
     0 | D:1      | Reached XP level 1. HP: 19/19 MP: 0/0
   201 | D:1      | Reached XP level 2. HP: 17/27 MP: 1/1
   345 | D:1      | Found a faded altar of an unknown god.
   513 | D:1      | Reached skill level 1 in Dodging
   968 | D:2      | Reached XP level 3. HP: 33/33 MP: 2/2
   980 | D:2      | Noticed Terence
   997 | D:2      | Killed Terence
  1039 | D:2      | Found a runed translucent door.
  1040 | D:2      | Noticed Crazy Yiuf
  1129 | D:2      | Identified the +6 spear of Foul Odours {chaos, Fly rN++
                  | Int+3}
  1151 | D:2      | Reached XP level 4. HP: 40/40 MP: 3/3
  1418 | D:2      | Killed Crazy Yiuf
  1839 | D:3      | Noticed a black bear
  1848 | D:3      | Killed a black bear
  1849 | D:3      | Reached XP level 5. HP: 44/47 MP: 4/4
  2131 | D:3      | Identified the +2 leather armour "Fypremun" {rC+ rCorr}
  2527 | D:3      | Noticed Jessica
  2532 | D:3      | Killed Jessica
  2560 | D:3      | Reached XP level 6. HP: 55/55 MP: 5/5
  2904 | D:4      | Found a staircase to the Ecumenical Temple.
  2918 | Temple   | Entered the Ecumenical Temple
  3162 | D:4      | Found a glowing golden altar of the Shining One.
  3249 | D:4      | Reached skill level 5 in Fighting
  3249 | D:4      | Reached skill level 1 in Polearms
  3269 | D:4      | Reached skill level 5 in Armour
  3269 | D:4      | Reached skill level 5 in Shields
  3307 | D:4      | Noticed a wyvern
  3314 | D:4      | Killed a wyvern
  3315 | D:4      | Reached XP level 7. HP: 41/61 MP: 6/6
  3488 | D:4      | Found a bloodstained altar of Trog.
  3634 | D:4      | Found Qiumuom's Antique Armour Boutique.
  3887 | D:5      | Entered Level 5 of the Dungeon
  3889 | D:5      | Noticed Ijyb
  3898 | D:5      | Killed Ijyb
  3989 | D:5      | Noticed Pikel
  4007 | D:5      | Killed Pikel
  4008 | D:5      | Reached XP level 8. HP: 38/71 MP: 7/7
  4437 | D:5      | Reached skill level 5 in Dodging
  4453 | D:5      | Found a shimmering altar of Xom.
  4499 | D:5      | Found a sand-covered staircase.
  4511 | Ossuary  | Entered an ossuary
  4569 | Ossuary  | Reached skill level 5 in Polearms
  5093 | D:6      | Found a snail-covered altar of Cheibriados.
  5455 | D:6      | Reached XP level 9. HP: 66/79 MP: 8/8
  5799 | D:6      | Noticed Eustachio
  5815 | D:6      | Killed Eustachio
  6424 | D:7      | Found a hide-covered altar of Uskayaw.
  6471 | D:7      | Became a worshipper of Uskayaw the Reveller
  6525 | D:7      | Reached * piety under Uskayaw
  6590 | D:7      | Found Tiefaor's Armour Shoppe.
  6604 | D:7      | Reached ** piety under Uskayaw
  6961 | D:7      | Reached skill level 1 in Invocations
  7031 | D:7      | Found a hazy altar of Hepliaklqana.
  7186 | D:8      | Reached *** piety under Uskayaw
  7188 | D:8      | Reached **** piety under Uskayaw
  7191 | D:8      | Reached ***** piety under Uskayaw
  7201 | D:8      | Reached ****** piety under Uskayaw
  7389 | D:8      | Noticed Erica
  7409 | D:8      | Killed Erica
  7410 | D:8      | Reached XP level 10. HP: 49/90 MP: 9/11
  8105 | D:9      | Noticed a centaur warrior
  8114 | D:9      | Identified the amulet "Hocliu" {rPois Regen+ Str+8 Int-2}
  8114 | D:9      | Noticed a red ugly thing
  8115 | D:9      | Shot with an arrow by a centaur warrior

Illustrated notes

Levels and vault maps discovered:
D:1:      co_arrival_hexagon_in_a_hexagon, layout_loops_cross,
          shapermc_ecumenical_altar_hornbeckon, glass_columns_c,
          chequers_mini_garden
D:2:      layout_rooms, uniq_terence, uniq_crazy_yiuf_cottage
D:3:      layout_basic, minivault_25, uniq_jessica
D:4:      layout_loops_corners, kennysheep_little_box,
          mainiacjoe_overflow_boulevard, minmay_temple_entry_trees,
          serial_shops, nicolae_shop_crystal
D:5:      layout_loops_ring, xom_teletrap_fun, nicolae_ossuary_entry_monument,
          uniq_ijyb, uniq_pikel
D:6:      layout_basic, mainiacjoe_overflow_surrounded_room, uniq_eustachio
D:7:      layout_basic, nzn_hepliaklqana_mist_gate,
          nicolae_overflow_crystal_walls, serial_shops, shop
D:8:      layout_cave_pools, st_stairs_2, minmay_misc_feat_columns,
          serial_bayou_pond_d, hangedman_decor_push, small_chamber_with_monster,
          uniq_erica
D:9:      hangedman_cross_cluster, layout_grid_maze, kennysheep_mini_moat,
          dpeg_oklobed_lair
Temple:   hc_temple_tempest_star

Skill      XL: |  1  2  3  4  5  6  7  8  9 10 |
---------------+-------------------------------+-----
Dodging        | 1 2 3 4 5 6 7 |  7.0
Fighting       | 4 5 6 7 8 |  8.6
Shields        | 4 5 6 7 8 |  8.5
Armour         | 4 5 6 7 8 |  8.6
Short Blades   | 3 4 |  4.1
Polearms       | 2 4 5 6 7 |  7.0
Invocations    | 2 3 |  3.1

Action                     |  1- 3 |  4- 6 |  7- 9 | 10-12 || total
---------------------------+-------+-------+-------+-------++-------
  Melee: Rapier            |    66 |       |       |       ||    66
         Headbutt          |    13 |    13 |    36 |     8 ||    70
         Short sword       |    20 |    47 |       |       ||    67
         Spear             |       |    45 |   271 |    46 ||   362
    Use: Scroll            |       |     4 |     4 |     5 ||    13
         Potion            |       |       |     2 |       ||     2
   Stab: Paralysed         |       |       |     3 |     1 ||     4
 Armour: Scale mail        |    20 |       |       |       ||    20
         Ring mail         |       |    14 |    82 |    20 ||   116
  Dodge: Dodged            |    46 |    53 |   197 |    30 ||   326
  Block: Buckler           |    19 |     9 |    59 |    18 ||   105
